 Dungeon Crawl Stone Soup version 0.31-a0-210-gccc998df9b (webtiles) character file.

Game seed: 2632770150519339737

376 Dittersdorf the Covered (level 6, -4/40 HPs)
             Began as a Gargoyle Fighter on June 29, 2023.
             Slain by a mummy (15 damage)
             ... in an ossuary.
             The game lasted 00:03:16 (2340 turns).

Dittersdorf the Covered (Gargoyle Fighter)          Turns: 2340, Time: 00:03:16

Health: -4/40      AC: 11    Str: 22    XL:     6   Next: 73%
Magic:  6/6        EV:  9    Int:  8    God:
Gold:   140        SH:  4    Dex:  9    Spells: 5/5 levels left

rFire   . . .        a - +0 flail
rCold   . . .        c - +0 buckler
rNeg    + . .        b - +0 scale mail
rPois   ∞            (no helmet)
rElec   +            (no cloak)
rCorr   .            (no gloves)
SInv    .            (no boots)
Will    .....        (no amulet) Stlth
                     (no ring)
HPRegen 0.26/turn    (no ring)
MPRegen 0.10/turn

%: no passive effects
@: mighty
A: sickness immunity, AC +4, negative energy resistance 1, electricity
resistance, torment resistance 1, petrification resistance
a: no special abilities


You were in an ossuary.
You visited 1 branch of the dungeon, and saw 4 of its levels.
You also visited: Ossuary.

You collected 140 gold pieces.

Inventory:

Hand Weapons
 a - a +0 flail (weapon)
Armour
 b - a +0 scale mail (worn)
 c - a +0 buckler (worn)
Wands
 r - a wand of iceblast (2)
Scrolls
 i - a scroll of noise {unknown}
 k - 2 scrolls of blinking {unknown}
 l - a scroll of revelation {unknown}
 q - a scroll of enchant weapon {unknown}
Potions
 d - a potion of might
 e - 2 potions of brilliance {unknown}
 f - a potion of cancellation {unknown}
 j - a potion of mutation {unknown}
 m - 2 potions of lignification {unknown}
 n - a potion of enlightenment {unknown}
 o - 2 potions of magic {unknown}
 p - a potion of heal wounds {unknown}


   Skills:
 + Level 4.9 Fighting
 + Level 3.8 Maces & Flails
 + Level 4.9 Armour
 + Level 4.9 Shields


You had 5 spell levels left.
You didn't know any spells.
Your spell library contained the following spells:

 Spells                   Type           Power      Damage    Failure   Level
 Freeze                   Ice            0%         1d3       78%         1
 Frozen Ramparts          Ice            0%         1d1       98%         3
 Hailstorm                Conj/Ice       0%         3d3       98%         3


Dungeon Overview and Level Annotations

Branches:
Dungeon (4/15)            Ossuary (1/1)
 Temple: D:4-7

Altars:
Elyvilon
Sif Muna

Annotations:
D:3 1 runed translucent door, 123456's ghost, amateur MiFi


Innate Abilities, Weirdness & Mutations

You are immune to sickness and miasma.
Your stone body is resilient. (AC +4)
You are immune to poison.
You resist negative energy. (rN+)
You are resistant to electric shocks. (rElec)
You are resistant to unholy torment.
You are immune to petrification.


Message History

You block the scorpion's attack.
You closely miss the scorpion.
The scorpion is almost dead.
The scorpion stings you but does no damage. x2
You hit the scorpion.
You kill the scorpion!
No target in view!
You start resting.
A gnoll comes into view. It is wielding a +0 whip.
The gnoll shouts!
The world spins around you as you enter the gateway.
You enter an ossuary!
Found a gate leading back out of this place.
There is an empty arch of ancient stone here.
You thump the mummy!
The mummy is moderately damaged.
The mummy hits you! The mummy barely misses you. The mummy hits you! x2
* * * LOW HITPOINT WARNING * * *
You feel very mighty all of a sudden.
You bludgeon the mummy!!
You destroy the mummy!
The mummy barely misses you. The centaur zombie closely misses you.
You block the centaur zombie's attack. The mummy hits you but does no damage.
The centaur zombie hits you but does no damage.
You block the centaur zombie's attack.
You sock the centaur zombie!
The centaur zombie is moderately damaged.
The centaur zombie closely misses you.
The centaur zombie completely misses you.
The hobgoblin zombie barely misses you.
You thump the mummy!
The mummy is severely damaged.
The centaur zombie hits you but does no damage.
The centaur zombie kicks you but does no damage.
The hobgoblin zombie misses you. You block the centaur zombie's attack.
The centaur zombie kicks you but does no damage.
The mummy hits you!
You die...

.^.....
#.^...#
#.....#
#.....#
#..∩..#
#.....#
#..∩..#
#..Z..#
#.Z@..#
#.MM..#
#.....#
##...##
#####


You could see 2 mummies, a hobgoblin zombie and a centaur zombie.

Vanquished Creatures
  An ogre (D:4)
  A gnoll sergeant (D:3)
  A scorpion (D:4)
  2 hounds (D:4)
  A mummy (Ossuary)
  4 adders (D:2)
  4 dart slugs
  An orc (D:3)
  4 bats
  3 endoplasms
  A giant cockroach (D:1)
  8 hobgoblins
  6 jackals (D:1)
  3 quokkas
  8 ball pythons
  A frilled lizard (D:3)
  2 goblins
  4 kobolds
  6 rats
61 creatures vanquished.

Notes
Turn   | Place    | Note
-------+----------+-------------------------------------------
     0 | D:1      | Dittersdorf the Gargoyle Fighter began the quest for the
                  | Orb.
     0 | D:1      | Reached XP level 1. HP: 14/14 MP: 1/1
    59 | D:1      | Reached XP level 2. HP: 19/19 MP: 2/2
   247 | D:1      | Reached XP level 3. HP: 23/23 MP: 3/3
   959 | D:2      | Reached XP level 4. HP: 29/29 MP: 4/4
  1211 | D:3      | Noticed 123456's ghost (amateur MiFi)
  1211 | D:3      | Found a runed translucent door.
  1269 | D:3      | Noticed a gnoll sergeant
  1368 | D:3      | Killed a gnoll sergeant
  1369 | D:3      | Reached XP level 5. HP: 6/33 MP: 5/5
  1590 | D:3      | Found a white marble altar of Elyvilon.
  2229 | D:4      | Reached XP level 6. HP: 35/39 MP: 6/6
  2256 | D:4      | Found a shimmering blue altar of Sif Muna.
  2296 | D:4      | Found a sand-covered staircase.
  2329 | Ossuary  | Entered an ossuary
  2340 | Ossuary  | Slain by a mummy

Illustrated notes

Levels and vault maps discovered:
D:1:      elethiomel_arrival_shortcut, layout_basic
D:2:      layout_basic
D:3:      layout_loops_cross, elyvilon_altar_5, hellmonk_ghost_happy_afterlife,
          minmay_surrounded
D:4:      layout_gridville, hellmonk_okawaru_the_only_friend_you_need,
          lemuel_blue_sif_altar, nicolae_ossuary_entry_ruins, nrook_mini_vaults,
          grunt_ministairs_5, minmay_ogre_servants
Ossuary:  ossuary_the_hunt_dpeg

Skill      XL: |  1  2  3  4 |
---------------+-------------+-----
Armour         | 4 |  4.9
Fighting       | 4 |  4.9
Shields        | 4 |  4.9
Maces & Flails | 3 |  3.8

Action                     |  1- 3 |  4- 6 || total
---------------------------+-------+-------++-------
  Melee: Flail             |   119 |   106 ||   225
    Use: Scroll            |       |     3 ||     3
         Potion            |       |     1 ||     1
 Armour: Scale mail        |    75 |    65 ||   140
  Dodge: Dodged            |    71 |    58 ||   129
  Block: Buckler           |    33 |    29 ||    62

Table legend: (Time is in decaauts)
 A = Elapsed time spent in this place.
 B = Non-inter-level travel time spent in this place.
 C = Inter-level travel time spent in this place.
 D = Time resting spent in this place.
 E = Time spent auto-exploring this place.
 F = Levels seen in this place.
 G = Mean time per level.
                   A        B        C        D        E       F      G
               +--------+--------+--------+--------+--------+-----+--------+
         Total |   2408 |   2355 |     53 |    169 |   1603 |   5 |  481.6 |
       Dungeon |   2397 |   2344 |     53 |    169 |   1603 |   4 |  599.2 |
       Ossuary |     11 |     11 |      0 |      0 |      0 |   1 |   11.0 |
               +--------+--------+--------+--------+--------+-----+--------+

Top non-repeatable levels by time:
     D:3: 941 daAuts
     D:1: 676 daAuts
     D:2: 639 daAuts
     D:4: 140 daAuts
 Ossuary: 11 daAuts
